 Dungeon Crawl Stone Soup version 0.23-a0-444-g76343ca (webtiles) character file.

165 CrossKnight the Ducker (level 5, -1/44 HPs)
             Began as a Minotaur Gladiator on Nov 5, 2018.
             Was an Initiate of Trog.
             Killed from afar by Sigmund (5 damage)
             ... with a magic dart
             ... on level 3 of the Dungeon on Nov 16, 2018.
             The game lasted 00:13:56 (3367 turns).

CrossKnight the Ducker (Minotaur Gladiator)         Turns: 3367, Time: 00:13:57

Health: -1/44      AC:  9    Str: 20    XL:     5   Next: 22%
Magic:  4/4        EV:  8    Int:  5    God:    Trog [......]
Gold:   205        SH: 12    Dex: 11    Spells: 4/4 levels left

rFire    . . .     SeeInvis .   p - +3 flail
rCold    . . .     Gourm    .   t - +0 large shield
rNeg     . . .     Faith    .   h - +4 ring mail
rPois    .         Spirit   .   c - +0 hat
rElec    .         Reflect  .   (no cloak)
rCorr    .         Harm     .   (no gloves)
MR       .....                  (no boots)
Stlth    +.........             (no amulet)
HPRegen  0.14/turn              (no ring)
MPRegen  0.09/turn              (no ring)

@: no status effects
A: retaliatory headbutt, horns 2
a: Renounce Religion


You were on level 3 of the Dungeon.
You worshipped Trog.
Trog was noncommittal.
You were not hungry.

You visited 1 branch of the dungeon, and saw 3 of its levels.

You collected 205 gold pieces.

Inventory:

Hand Weapons
 a - a +0 war axe
 p - a +3 flail (weapon)
Missiles
 d - 3 throwing nets (quivered)
Armour
 b - a +0 leather armour
 c - a +0 hat (worn)
 h - a +4 ring mail (worn)
 o - a +0 naga barding
 t - a +0 large shield (worn)
Scrolls
 e - a scroll of remove curse {unknown}
 i - 2 scrolls of fear {unknown}
 j - a scroll of enchant armour {unknown}
 l - 2 scrolls of immolation {unknown}
 n - 5 scrolls of identify {unknown}
 r - 2 scrolls of teleportation {unknown}
 s - a scroll of noise {unknown}
 v - 3 scrolls of enchant weapon {unknown}
Potions
 g - 2 potions of might {unknown}
 k - a potion of heal wounds {unknown}
 m - a potion of invisibility
 q - a potion of lignification {unknown}
 u - a potion of flight {unknown}
Comestibles
 f - 3 rations


   Skills:
 + Level 2.9 Fighting
 + Level 4.2(4.4) Axes
 + Level 2.0(3.4) Maces & Flails
 + Level 2.0 Throwing
 + Level 3.1 Armour
 + Level 4.4 Dodging
 + Level 0.2 Stealth
 + Level 0.7 Shields


You had 4 spell levels left.
You didn't know any spells.
Your spell library was empty.

Dungeon Overview and Level Annotations

Branches:
Dungeon (3/15)

Altars:
Trog

Annotations:
D:3 Sigmund


Innate Abilities, Weirdness & Mutations

You reflexively headbutt those who attack you in melee.
You have a pair of horns on your head.


Message History

Trog accepts your kill.
You hear some strange, mumbled words.
A puff of flame appears from out of thin air!
The puff of flame hits you! You block something's attack.
You thump something! Something hits you but does no damage.
You closely miss something. You block something's attack.
Your shield prevents you from hitting something.
Something hits you.
You barely miss something. You headbutt something.
Something hits you but does no damage.
You miss something. Your headbutt misses something. Something hits you!
* * * LOW HITPOINT WARNING * * *
You closely miss something. You block something's attack.
You miss something. Something hits you but does no damage.
You hit something. You block something's attack.
You hit something.
You hear some strange, mumbled words.
A magic dart appears from out of thin air!
The magic dart hits you!
You die...

....#
#..........####.#
.#.##
##.##...........#
(#...
#.##......#.####
.#.###
#..........(#
.#.#
#####.....###
.### #.......# .#
#### #.####### ##
#...# #.#
#.#.##@# #.⌠.#{#
. #..'.#
#.⌠.#.'.# .#
#..'.# #.⌠.###
#.#%# ## #...# .#
####


There were no monsters in sight!

Vanquished Creatures
  Natasha (thrice) (D:3)
  2 adders (D:3)
  A worm (D:2)
  A dart slug (D:2)
  2 leopard geckos
  3 orcs (D:3)
  A bat skeleton (D:3)
  3 bat zombies (D:3)
  A giant cockroach (D:1)
  6 goblins
  6 hobgoblins
  3 jackals (D:2)
  2 quokkas
  A ball python (D:2)
  5 bats
  7 frilled lizards
  8 kobolds
  11 rats
  13 plants (D:1)
79 creatures vanquished.

Notes
Turn   | Place    | Note
-------+----------+-------------------------------------------
     0 | D:1      | CrossKnight the Minotaur Gladiator began the quest for the
                  | Orb.
     0 | D:1      | Reached XP level 1. HP: 18/18 MP: 0/0
   241 | D:1      | Reached XP level 2. HP: 13/25 MP: 1/1
  1337 | D:2      | Reached skill level 1 in Armour
  1452 | D:2      | Upgraded the game from 0.23-a0-404-g0063841 to
                  | 0.23-a0-444-g76343ca
  1517 | D:2      | Reached XP level 3. HP: 28/30 MP: 2/2
  2133 | D:3      | Noticed Natasha
  2147 | D:3      | Killed Natasha
  2147 | D:3      | Reached skill level 1 in Maces & Flails
  2147 | D:3      | Reached XP level 4. HP: 16/37 MP: 3/3
  2449 | D:3      | Found a bloodstained altar of Trog.
  2464 | D:3      | Noticed Natasha
  2477 | D:3      | Killed Natasha
  2502 | D:3      | Became a worshipper of Trog the Wrathful
  2871 | D:3      | Noticed Natasha
  2887 | D:3      | Killed Natasha
  2887 | D:3      | Reached XP level 5. HP: 15/44 MP: 4/4
  3343 | D:3      | Noticed Sigmund
  3367 | D:3      | Killed from afar by Sigmund

Vault maps used:
D:1:      ncdulo_smallfort, serial_bayou_lagoon_a
D:2:      minivault_23, st_stairs_2
D:3:      kennysheep_vampire_church, overflow_temple_1_default,
          wander_ebering_terrifying_dragon_lair, uniq_sigmund, uniq_natasha

Skill      XL: |  1  2  3  4 |
---------------+-------------+-----
Axes           | 4 |  4.2
Armour         | 1 2 3 |  3.1
Dodging        | 4 |  4.4
Maces & Flails | 1 2 |  2.0
Fighting       | |  2.9
Throwing       | |  2.0
Stealth        | |  0.2
Shields        | |  0.7

Action                   |  1- 3 |  4- 6 || total
-------------------------+-------+-------++-------
Melee: War axe           |   250 |       ||   250
       Headbutt          |    67 |     8 ||    75
       Flail             |    38 |    67 ||   105
  Eat: Ration            |     2 |     1 ||     3
Armor: Leather armour    |     4 |       ||     4
       Ring mail         |    41 |    59 ||   100
Dodge: Dodged            |    91 |    37 ||   128
Block: Large shield      |       |    57 ||    57

Table legend:
 A = Non-vault XP
 B = Vault XP
 C = Vault XP percentage of total XP
 D = Non-vault monster count
 E = Vault monster count
 F = Vault count percentage of total count
                 A         B        C        D         E       F
            +---------+---------+-------+---------+---------+-------
      Total |     188 |      49 |  20.7 |      58 |       8 |  12.1
            +---------+---------+-------+---------+---------+-------
        D:1 |      27 |       0 |   0.0 |      18 |       0 |   0.0
        D:2 |      39 |       3 |   7.1 |      20 |       2 |   9.1
        D:3 |     122 |      46 |  27.4 |      20 |       6 |  23.1
            +---------+---------+-------+---------+---------+-------
